 Dungeon Crawl Stone Soup version 0.30-b1-2-g02819fbbbe (webtiles) character file.

Game seed: 2558240383388530867

269 seren the Covered (level 6, -3/82 HPs)
             Began as an Armataur Fighter on Jan 4, 2024.
             Was an Initiate of Ashenzari.
             Slain by an ice devil (20 damage)
             ... summoned by a kobold demonologist
             ... on level 5 of the Dungeon.
             The game lasted 00:10:10 (3464 turns).

seren the Covered (Armataur Fighter)                Turns: 3464, Time: 00:10:12

Health: -3/82      AC:  8    Str: 23    XL:     6   Next: 1%
Magic:  0/6        EV:  7    Int:  8    God:    Ashenzari [......]
Gold:   203        SH:  4    Dex: 10    Spells: 5/5 levels left

rFire   . . .        l - +0 whip (elec)
rCold   . . .        c - +0 buckler
rNeg    . . .        b - +0 scale mail
rPois   .            (no helmet)
rElec   .            o - +0 cloak
rCorr   .            (no gloves)
SInv    .            (no barding)
Will    .....        g - amulet of guardian spirit Stlth
                     (no ring)
HPRegen 0.33/turn    (no ring)
MPRegen 0.10/turn

%: guardian spirit, roll
@: berserking, spiked, very quick
A: large, rugged brown scales 3, deformed body, armoured tail, roll, long
tongue, awkward tongue
a: Renounce Religion, Curse Item


You were on level 5 of the Dungeon.
You worshipped Ashenzari.
Ashenzari was noncommittal.
You visited 1 branch of the dungeon, and saw 5 of its levels.

You collected 203 gold pieces.

Inventory:

Hand Weapons
 a - a +0 long sword
 l - a +0 whip of electrocution (weapon)
Missiles
 f - 68 stones (quivered)
 i - a throwing net
 y - a boomerang
 D - 6 poisoned darts
Armour
 b - a +0 scale mail (worn)
 c - a +0 buckler (worn)
 o - a +0 cloak (worn)
Magical Staves
 m - a staff of poison
Jewellery
 g - an amulet of guardian spirit (around neck)
 x - a ring of flight
Scrolls
 h - a scroll of immolation {unknown}
 j - a scroll of fear {unknown}
 r - a scroll of blinking {unknown}
 s - a scroll of teleportation {unknown}
 t - 2 scrolls of fog {unknown}
 w - 2 scrolls of poison {unknown}
Potions
 d - a potion of might
 e - 2 potions of attraction
 k - a potion of magic
 p - 2 potions of heal wounds
 q - 2 potions of brilliance
 u - a potion of curing {unknown}
 v - 2 potions of flight
 z - a potion of resistance {unknown}
 A - a potion of haste {unknown}
 B - a potion of degeneration {unknown}
 C - a potion of cancellation {unknown}


   Skills:
 + Level 3.7 Fighting
 - Level 2.0 Long Blades
 + Level 2.0 Maces & Flails
 + Level 5.0 Armour
 + Level 1.1 Dodging
 + Level 4.5 Shields


You had 5 spell levels left.
You didn't know any spells.
Your spell library contained the following spells:

 Spells                   Type           Power      Damage    Failure   Level
 Necrotise                Necr           0%         1d4       77%         1
 Vampiric Draining        Necr           0%         2d6       98%         3
 Agony                    Necr           0%         N/A       100%        5


Dungeon Overview and Level Annotations

Branches:
Dungeon (5/15)
 Temple: D:4-7

Altars:
Ashenzari

Annotations:
D:4 1 runed translucent door, diceflayer's ghost, amateur DsGl


Innate Abilities, Weirdness & Mutations

You are completely covered in rugged brown scales. (AC +3, +7% HP)
Armour fits poorly on your strangely shaped body.
You have a long armoured tail.
You roll when moving toward enemies. (Rampage)
Your long tongue fully drains potion bottles. (2x potion effects)
Your tongue gives you trouble enunciating. (1.5x scroll delay)


Message History

The kobold demonologist hits you but does no damage.
The ice devil hits you but does no damage.
You closely miss the kobold demonologist.
The kobold demonologist is moderately wounded.
An orc priest comes into view. It is wielding a +0 club.
The kobold demonologist looks encouraged for a moment.
The ice devil hits you but does no damage.
You closely miss the kobold demonologist.
The kobold demonologist is moderately wounded.
The orc priest shouts!
The kobold demonologist casts a cantrip, but nothing happens.
The ice devil hits you but does no damage.
You closely miss the kobold demonologist.
You tail-slap the kobold demonologist.
The kobold demonologist is moderately wounded.
The kobold demonologist barely misses you.
The ice devil closely misses you.
You hit the kobold demonologist. You tail-slap the kobold demonologist.
The kobold demonologist is heavily wounded.
The kobold demonologist mumbles some strange words.
The ice devil hits you but does no damage.
You hit the kobold demonologist.
The kobold demonologist is heavily wounded.
The kobold demonologist hits you with a +0 dagger of holy wrath.
The ice devil hits you! The ice devil freezes you!
A red film seems to cover your vision as you go berserk!
You feel yourself moving faster!
You feel mighty!
You slurp down every last drop of the potion of berserk rage!
The kobold demonologist mumbles some strange words.
The ice devil hits you! The ice devil freezes you!
The red devil hits you from afar with a +0 trident!
Barbed spikes become lodged in your body.
You whack the kobold demonologist!
You tail-slap the kobold demonologist, but do no damage.
The kobold demonologist is severely wounded.
The kobold demonologist hits you but does no damage.
The ice devil hits you!
* * * LOW HITPOINT WARNING * * *
The ice devil freezes you!!
You die...

#. ###.######
#........# #####
#.....#.#.....# .
#.##.#.#.....# ..
##.....[.....# ...
##....#.#.....
....#.#..o#.# ...
#.....)4@.# # .
#......K##.# ..#.
##.##44## ...
....### #.....#
.##.#
.......#####.## .#
# ........# #.# .#
...##..####.####.#
.....K....##......#
....##........#####


You could see an ice devil (summoned), a kobold demonologist, a chaos spawn
(summoned), a red devil (summoned) and an orc priest.

Vanquished Creatures
  2 hounds (D:4)
  An orc priest (D:4)
  An iguana (D:4)
  5 adders
  A white imp (D:5)
  An ufetubus (D:4)
  A worm (D:3)
  A dart slug (D:1)
  9 orcs
  10 ball pythons
  6 bats (D:4)
  7 endoplasms
  3 giant cockroaches
  4 goblins
  6 hobgoblins
  2 jackals (D:2)
  9 kobolds
  4 quokkas
  5 frilled lizards
  5 rats
83 creatures vanquished.

Vanquished Creatures (others)
  2 plants (D:2)
2 creatures vanquished.

Grand Total: 85 creatures vanquished

Notes
Turn   | Place    | Note
-------+----------+-------------------------------------------
     0 | D:1      | seren the Armataur Fighter began the quest for the Orb.
     0 | D:1      | Reached XP level 1. HP: 19/19 MP: 1/1
   102 | D:1      | Reached XP level 2. HP: 20/26 MP: 2/2
   504 | D:1      | Reached skill level 4 in Armour
   828 | D:1      | Reached XP level 3. HP: 33/33 MP: 3/3
  1013 | D:2      | Found a faded altar of an unknown god.
  1037 | D:2      | Prayed at the altar of an unknown god.
  1037 | D:2      | Became a worshipper of Ashenzari the Shackled
  1135 | D:2      | Reached skill level 1 in Maces & Flails
  1161 | D:2      | Reached XP level 4. HP: 30/40 MP: 2/4
  2267 | D:4      | Found a runed translucent door.
  2267 | D:4      | Noticed diceflayer's ghost (amateur DsGl)
  2335 | D:4      | Reached XP level 5. HP: 48/48 MP: 5/5
  2595 | D:4      | Reached skill level 1 in Dodging
  3343 | D:5      | Entered Level 5 of the Dungeon
  3430 | D:5      | Noticed a kobold demonologist
  3443 | D:5      | Reached skill level 5 in Armour
  3443 | D:5      | Reached XP level 6. HP: 55/55 MP: 6/6
  3455 | D:5      | Noticed an ice devil
  3462 | D:5      | Noticed a red devil
  3464 | D:5      | Noticed a chaos spawn
  3464 | D:5      | Slain by an ice devil

Illustrated notes

Levels and vault maps discovered:
D:1:      heliophobic_arrival_dark_side_of_the_moon, layout_loops_cross
D:2:      minmay_spotlight, layout_basic, dreamdust_ecumenical_altar_grove
D:3:      layout_basic, serial_co_window_serial, co_window_paths_a,
          co_window_paths_a, co_window_paths_b, co_window_corner_a,
          co_window_paths_a, co_window_corner_ca, co_window_unsneaky_path_a,
          co_window_corner_b
D:4:      layout_basic, gammafunk_ghost_grave, roderic_batcave,
          minmay_stone_trees_large, minmay_misc_feat_nine_boxes,
          hangedman_abyss_or_decor_slice
D:5:      layout_loops_cross, mainiacjoe_overflow_paths,
          minmay_temple_entry_proselytizer, cheibrodos_sewer_entry_bend

Skill      XL: |  1  2  3  4  5 |
---------------+----------------+-----
Long Blades    | 2 |  2.0
Armour         | 4 5 |  5.0
Fighting       | 3 |  3.7
Maces & Flails | 1 2 |  2.0
Shields        | 4 |  4.5
Dodging        | 1 |  1.1

Action                     |  1- 3 |  4- 6 || total
---------------------------+-------+-------++-------
  Melee: Long sword        |    26 |       ||    26
         Tailslap          |    12 |    19 ||    31
         Whip              |    87 |   130 ||   217
    Use: Scroll            |       |     6 ||     6
         Potion            |       |     1 ||     1
 Armour: Scale mail        |    43 |    61 ||   104
  Dodge: Dodged            |    24 |    36 ||    60
  Block: Buckler           |    17 |    18 ||    35
